 Dungeon Crawl Stone Soup version 0.31-a0-632-g766dd24fdf (webtiles) character file.

Game seed: 12969403591451810172

45 ytrimaz the Insei (level 3, 0/39 HPs)
             Began as a Demonspawn Shapeshifter on Aug 25, 2023.
             Slain by a hobgoblin (4 damage)
             ... on level 2 of the Dungeon.
             The game lasted 00:01:02 (1063 turns).

ytrimaz the Insei (Demonspawn Shapeshifter)         Turns: 1063, Time: 00:01:03

Health: 0/39       AC: 21    Str: 15    XL:     3   Next: 42%
Magic:  3/3        EV:  2    Int:  9    God:
Gold:   75         SH:  0    Dex: 15    Spells: 2/2 levels left

rFire   . .          .
                       - Unarmed
rCold   . . .        (no shield)
rNeg    . . .        a - melded +0 animal skin
rPois   +            (helmet currently unavailable)
rElec   .            (cloak currently unavailable)
rCorr   .            (gloves currently unavailable)
SInv    .            (boots currently unavailable)
Will    .....        (no amulet)
Stlth   +            (no ring)
HPRegen 0.26/turn    (no ring)
MPRegen 0.08/turn

%: no passive effects
@: tree-form (expiring)
A: stationary, stasis, torment immunity, boosted hp, (weakness stinger 1)
a: no special abilities


You were on level 2 of the Dungeon.
You were a tree.
You visited 1 branch of the dungeon, and saw 2 of its levels.

You collected 75 gold pieces.


Innate Abilities, Weirdness & Mutations

You are a tree.
Your roots penetrate the ground, keeping you stationary.
You cannot be teleported.
You are immune to unholy pain and torment.
Your maximum health is greatly increased.
Your equipment is partially melded.
((You have a small tail.))


   Skills:
 - Level 1.0 Fighting
 - Level 1.7 Dodging
 + Level 3.4 Unarmed Combat
 + Level 3.3 Shapeshifting


You had 2 spell levels left.
You didn't know any spells.
Your spell library contained the following spells:

 Spells                   Type           Power      Damage    Failure   Level
 Freeze                   Ice            0%         1d3       38%         1
 Magic Dart               Conj           0%         1d3       38%         1
 Searing Ray              Conj           0%         2d4       52%         2
 Frozen Ramparts          Ice            0%         1d1       77%         3
 Hailstorm                Conj/Ice       0%         3d3       77%         3
 Fulminant Prism          Conj/Hex       0%         3d5       99%         4

Inventory:

Armour
 a - a +0 animal skin (melded)
Talismans
 c - a beast talisman
 d - a flux talisman
Scrolls
 e - a scroll of enchant armour {unknown}
 h - a scroll of teleportation {unknown}
 k - a scroll of fog {unknown}
Potions
 f - 2 potions of curing {unknown}
 g - 2 potions of ambrosia {unknown}
 i - a potion of mutation {unknown}
 j - 2 potions of heal wounds {unknown}

Dungeon Overview and Level Annotations

Branches:
Dungeon (2/15) Zot: 10938

Altars:

....##.###..#
...#...#....
..........# .
.........# ..
..... ..### ...
#... ....# ..
#..# ..#.#
##.#..###g..#
#.#......†♣K.#
.......<#####J..#
###....## ...
#.... # #..#.
#..#. #.... #. #.
#.


You could see an endoplasm (wandering), a hobgoblin and a kobold.


Message History

You take 4 damage, and now have 2/26 hp.
Your transformation has ended.
You turn into a tree.
Your +0 animal skin melds into your body.
Your roots penetrate the ground.
An adder comes into view.
The jackal bites you but does no damage.
The hobgoblin completely misses you. The dart slug launches a dart at you.
The slug dart hits you but does no damage. đŸ˜± HP[+1]
You now have 39 max hp (+13).
Unknown command.
You hit the jackal.
The jackal bites you but does no damage.
The hobgoblin hits you but does no damage.
You cannot move. đŸ˜± HP[+1]
You barely miss the jackal.
The jackal bites you but does no damage.
The dart slug launches a dart at you.
The slug dart hits you but does no damage.
The hobgoblin hits you but does no damage.
The jackal bites you but does no damage.
Unknown command.
You closely miss the jackal. The jackal barely misses you.
The hobgoblin hits you but does no damage.
The dart slug launches a dart at you. The slug dart misses you.
The slug dart hits the jackal but does no damage.
You closely miss the jackal.
The jackal bites you but does no damage.
The hobgoblin hits you but does no damage.
The jackal bites you but does no damage.
Unknown command.
You barely miss the jackal. Your punch misses the jackal.
The dart slug launches a dart at you. The slug dart misses you.
The slug dart misses the jackal.
The slug dart hits the adder.
The jackal barely misses you.
The hobgoblin hits you but does no damage. đŸ˜± HP[+1]
You hit the jackal.
You kill the jackal!
The hobgoblin hits you but does no damage.
The dart slug bites you but does no damage.
Unknown command.
You closely miss the adder. The adder bites you but does no damage.
The hobgoblin hits you but does no damage.
The adder bites you but does no damage.
You closely miss the adder. You punch the adder.
You kill the adder!
The dart slug launches a dart at you.
The slug dart hits you but does no damage.
The hobgoblin barely misses you.
Unknown command.
You cannot move.
You cannot move.
You smack the dart slug!
You kill the dart slug!
The hobgoblin hits you but does no damage. đŸ˜± HP[+1]
You hit the ball python. The ball python barely misses you.
The ball python grabs you. The ball python constricts you.
* * * LOW HITPOINT WARNING * * *
A kobold comes into view. It is wielding a +0 dagger.
The hobgoblin hits you but does no damage. đŸ˜± HP[-1]
You take 1 damage, and now have 5/39 hp.
You barely miss the ball python.
The ball python bites you but does no damage.
The ball python constricts you.
The ball python bites you but does no damage.
The ball python constricts you.
The hobgoblin hits you but does no damage.
You closely miss the ball python.
Your transformation is almost over.
The ball python bites you but does no damage.
The ball python constricts you.
The hobgoblin hits you but does no damage.
You closely miss the ball python.
The ball python bites you but does no damage.
The ball python constricts you.
You completely miss the ball python. The hobgoblin hits you.
* * * LOW HITPOINT WARNING * * *
The ball python bites you but does no damage.
The ball python constricts you.
Unknown command.
You smack the ball python!
You kill the ball python!
The hobgoblin hits you but does no damage.
You closely miss the kobold. The kobold hits you but does no damage.
The hobgoblin hits you.
* * * LOW HITPOINT WARNING * * *
đŸ˜± HP[-1]
You take 1 damage, and now have 4/39 hp.
You hit the kobold.
An endoplasm comes into view.
The kobold hits you but does no damage. The hobgoblin hits you.
You die...

Skill      XL: |  1  2 |
---------------+-------+-----
Unarmed Combat | 3 |  3.4
Shapeshifting  | 3 |  3.3
Fighting       | |  1.0
Dodging        | |  1.7

Action                     || total
---------------------------++-------
  Melee: Unarmed           ||    79
         Tailslap          ||     3
         Punch             ||     2
    Use: Potion            ||     1
   Stab: Sleeping          ||     1
 Armour: Animal skin       ||    18
         Skin              ||    31
  Dodge: Dodged            ||    56

Levels and vault maps discovered:
D:1:      kilobyte_arrival_exit_the_forest, layout_basic
D:2:      layout_loops_ring

Notes
Turn   | Place    | Note
-------+----------+-------------------------------------------
     0 | D:1      | ytrimaz the Demonspawn Shapeshifter began the quest for the
                  | Orb.
     0 | D:1      | Reached XP level 1. HP: 15/15 MP: 1/1
     0 | D:1      | magus.rc [v1.9.6]
    97 | D:1      | Reached skill level 3 in Unarmed Combat
    97 | D:1      | Gained mutation: You have a small tail. [demonic ancestry]
    97 | D:1      | Reached XP level 2. HP: 7/21 MP: 2/2
   160 | D:1      | You pick up a book of Conjurations and begin reading...
   160 | D:1      | You add the spells Magic Dart, Searing Ray and Fulminant
                  | Prism to your library.
   339 | D:1      | Reached skill level 3 in Shapeshifting
   468 | D:1      | You pick up a book of Frost and begin reading...
   468 | D:1      | You add the spells Freeze, Frozen Ramparts and Hailstorm to
                  | your library.
   751 | D:1      | Reached XP level 3. HP: 26/26 MP: 3/3
  1044 | D:2      | HP: 6/26 [jackal (3)]
  1045 | D:2      | HP: 2/26 [jackal (2)]
  1056 | D:2      | HP: 5/39 [constriction (1)]
  1062 | D:2      | HP: 4/39 [hobgoblin (1)]
  1063 | D:2      | Slain by a hobgoblin

Vanquished Creatures
  A gnoll (D:1)
  An adder (D:2)
  A dart slug (D:2)
  3 ball pythons
  2 bats (D:1)
  2 giant cockroaches (D:1)
  3 goblins (D:1)
  A hobgoblin (D:1)
  7 jackals
  A kobold (D:1)
  A quokka (D:1)
  A frilled lizard (D:1)
  2 rats (D:1)
26 creatures vanquished.

Table legend:
 A = Non-vault XP
 B = Vault XP
 C = Vault XP percentage of total XP
 D = Non-vault monster count
 E = Vault monster count
 F = Vault count percentage of total count
                 A         B        C        D         E       F
            +---------+---------+-------+---------+---------+-------
      Total |      65 |       0 |   0.0 |      26 |       0 |   0.0
            +---------+---------+-------+---------+---------+-------
        D:1 |      48 |       0 |   0.0 |      20 |       0 |   0.0
        D:2 |      17 |       0 |   0.0 |       6 |       0 |   0.0
            +---------+---------+-------+---------+---------+-------

Skill      XL: |  1  2 |
---------------+-------+-----
Unarmed Combat | 3 |  3.4
Shapeshifting  | 3 |  3.3
Fighting       | |  1.0
Dodging        | |  1.7

Action                     || total
---------------------------++-------
  Melee: Unarmed           ||    79
         Tailslap          ||     3
         Punch             ||     2
    Use: Potion            ||     1
   Stab: Sleeping          ||     1
 Armour: Animal skin       ||    18
         Skin              ||    31
  Dodge: Dodged            ||    56

Illustrated notes

Table legend:
 A = Kills in this place as a percentage of kills in the entire game.
 B = Kills by you in this place as a percentage of kills by you in the entire game.
 C = Kills by friends in this place as a percentage of kills by friends in the entire game.
 D = Other kills in this place as a percentage of other kills in the entire game.
 E = Experience gained in this place as a percentage of experience gained in the entire game.
 F = Experience gained in this place divided by the number of levels of this place that you have seen.
                   A       B       C       D       E      F
               +-------+-------+-------+-------+-------+----------------------
         Total | 100.0 | 100.0 |   N/A |   N/A | 100.0 |  32.5
       Dungeon | 100.0 | 100.0 |   N/A |   N/A | 100.0 |  32.5
               +-------+-------+-------+-------+-------+----------------------

Table legend: (Time is in decaauts)
 A = Elapsed time spent in this place.
 B = Non-inter-level travel time spent in this place.
 C = Inter-level travel time spent in this place.
 D = Time resting spent in this place.
 E = Time spent auto-exploring this place.
 F = Levels seen in this place.
 G = Mean time per level.
                   A        B        C        D        E       F      G
               +--------+--------+--------+--------+--------+-----+--------+
         Total |   1060 |   1016 |     44 |      0 |    830 |   2 |  530.0 |
       Dungeon |   1060 |   1016 |     44 |      0 |    830 |   2 |  530.0 |
               +--------+--------+--------+--------+--------+-----+--------+

Top non-repeatable levels by time:
     D:1: 1026 daAuts
     D:2: 33 daAuts
